 Dungeon Crawl Stone Soup version 0.30.0-5-g1a98f26d00 (webtiles) character file.

Game seed: 14420322906129526708

11256 hito the Severer (level 11, -5/99 HPs)
             Began as a Minotaur Fighter on May 8, 2023.
             Was a Follower of Uskayaw.
             Slain by a meliai
             ... wielding a +0 hand axe
              (7 damage)
             ... in a Gauntlet.
             The game lasted 00:23:51 (10262 turns).

hito the Severer (Minotaur Fighter)                Turns: 10262, Time: 00:23:56

Health: -5/99      AC: 14    Str: 24    XL:     11   Next: 46%
Magic:  14/14      EV: 10    Int:  5    God:    Uskayaw [*.....]
Gold:   288        SH:  0    Dex: 11    Spells: 10/10 levels left

rFire   + . .        D - +1 battleaxe
rCold   + . .        (shield currently unavailable)
rNeg    . . .        H - +7 Kryia's mail coat {PotionHeal*2 rC+}
rPois   .            (helmet restricted)
rElec   .            (no cloak)
rCorr   .            (no gloves)
SInv    .            (no boots)
Will    .....        j - amulet of faith Stlth
                     u - ring of protection from fire
HPRegen 0.36/turn    (no ring)
MPRegen 0.14/turn

%: no teleportation, faith
@: invisible
A: horns 2, retaliatory headbutt
a: Renounce Religion, Stomp


You were in a Gauntlet.
You worshipped Uskayaw.
Uskayaw was noncommittal.
You visited 3 branches of the dungeon, and saw 12 of its levels.
You also visited: Gauntlet.

You collected 763 gold pieces.
You spent 475 gold pieces at shops.

Inventory:

Hand Weapons
 D - a +1 battleaxe (weapon)
Missiles
 s - a throwing net (quivered)
 t - 5 silver javelins
Armour
 r - a +4 ring mail of poison resistance
 H - the +7 Kryia's mail coat (worn) {PotionHeal*2 rC+}
   (You found it on level 8 of the Dungeon)

   PotionHeal*2: Potions heal its wearer twice as much.
   rC:        It protects you from cold.
Jewellery
 f - a ring of ice
 j - an amulet of faith (around neck)
 u - a ring of protection from fire (left hand)
 x - a ring of flight
Wands
 w - a wand of flame (10)
 F - a wand of mindburst (7)
Scrolls
 b - a scroll of magic mapping
 d - a scroll of poison {unknown}
 i - a scroll of brand weapon
 k - 2 scrolls of blinking
 l - 3 scrolls of fear
 m - 2 scrolls of immolation {unknown}
 n - 4 scrolls of teleportation
 q - a scroll of fog {unknown}
 v - 2 scrolls of enchant weapon
 y - a scroll of acquirement {unknown}
 G - 2 scrolls of vulnerability
Potions
 e - a potion of magic
 g - 4 potions of resistance
 h - a potion of invisibility
 o - 4 potions of heal wounds
 p - 2 potions of brilliance
 z - 2 potions of flight
 A - a potion of cancellation
 C - 2 potions of mutation
 E - 3 potions of attraction
 J - 7 potions of ambrosia
 K - a potion of curing
Miscellaneous
 B - a condenser vane
 I - a box of beasts (inert)


   Skills:
 - Level 10.0 Fighting
 - Level 16.0 Axes
 + Level 4.3 Armour
 + Level 1.9 Dodging
 - Level 3.6 Shields
 - Level 6.0 Invocations
 + Level 6.2 Evocations


You had 10 spell levels left.
You didn't know any spells.
Your spell library contained the following spells:

 Spells                   Type           Power      Damage    Failure   Level
 Foxfire                  Conj/Fire      0%         2x1d4     77%         1
 Slow                     Hex            0%         N/A       77%         1
 Summon Small Mammal      Summ           0%         N/A       77%         1
 Blink                    Tloc           0%         N/A       88%         2
 Lesser Beckoning         Tloc           0%         N/A       88%         2
 Momentum Strike          Conj/Tloc      0%         3d8       88%         2
 Poisonous Vapours        Pois/Air       0%         N/A       88%         2
 Call Canine Familiar     Summ           0%         N/A       98%         3
 Confusing Touch          Hex            0%         N/A       98%         3
 Mephitic Cloud           Conj/Pois/Air  0%         N/A       98%         3
 Summon Guardian Golem    Hex/Summ       0%         N/A       98%         3
 Vampiric Draining        Necr           0%         2d6       98%         3
 Fireball                 Conj/Fire      0%         3d3       100%        5
 Freezing Cloud           Conj/Ice/Air   0%         6-21      100%        5
 Plasma Beam              Fire/Air       0%         2x1d11    100%        6
 Starburst                Conj/Fire      0%         6d3       100%        6


Dungeon Overview and Level Annotations

Branches:
Dungeon (9/15)             Temple (1/1) D:5            Lair (2/5) D:9
 Shoals (0/4) Lair:2      Gauntlet (1/1)
  Snake: Lair:2-3    Spider: Lair:2-3       Orc: D:9-12

Altars:
Ashenzari
Cheibriados
Elyvilon
Fedhas
Gozag
Kikubaaqudgha
Nemelex Xobeh
Okawaru
Sif Muna
Trog
Uskayaw
Xom
Yredelemnul
Zin
The Shining One

Shops:
D:7 *

Annotations:
D:7 3 runed translucent doors, Valagong's ghost, novice MiFi Gauntlet 16 runed translucent doors, 7 transporters


Innate Abilities, Weirdness & Mutations

You have a pair of horns on your head.
You reflexively headbutt those who attack you in melee.


Message History

The meliai stings you!
Aiming: Mindburst
Press: ? - help, Shift-Dir - straight line, f/p - meliai
Aim: a meliai, wielding a +0 hand axe and wearing a +0 leather armour (chance to affect: 84%)
The meliai barely resists.
The meliai hits you but does no damage. The meliai stings you!
The meliai hits you with a +0 war axe. The meliai completely misses you.
The meliai calls down the wrath of its god upon you.
Something smites you! The meliai barely misses you.
The meliai stings you but does no damage.
The meliai hits you with a +0 war axe! The meliai stings you.
Press: ? - help, v - describe, . - travel The floor.
Press: ? - help, v - describe, . - travel
Here: a meliai, wielding a +0 war axe and wearing a +0 leather armour The floor.
Unknown command.
You fade into invisibility!
The meliai barely misses you. The meliai stings you!
The meliai hits you with a +0 war axe!
* * * LOW HITPOINT WARNING * * *
The meliai barely misses you. The meliai hits you with a +0 hand axe.
* * * LOW HITPOINT WARNING * * *
The meliai misses you. The meliai closely misses you.
The meliai stings you but does no damage.
The meliai barely misses you. The meliai closely misses you.
You slash the meliai! You headbutt the meliai!
The meliai is almost dead.
You hit the meliai. You slash the meliai!
The meliai hits you with a +0 hand axe!
* * * LOW HITPOINT WARNING * * *
The meliai stings you but does no damage.
The meliai hits you with a +0 war axe.
* * * LOW HITPOINT WARNING * * *
The meliai closely misses you. The meliai hits you but does no damage.
The meliai stings you but does no damage.
The meliai hits you but does no damage.
The meliai stings you but does no damage.
The meliai hits you with a +0 hand axe!
You die...

8.....................##
........###########...≈#
#####...#...+..+..#...##
...s#...#...+..+..#.∩.§#
.#.s#####..##++#++#...##
#..#...#?.+...+..#...≈#
©#..#©.©#©.+...#.©#©8.##
B#..#...#|.+...'..#...≈#
#..#####[.##@'#++#.§.##
B..#...#...yyy+..#.∩.≈#
..#...'..+..#...##
..###########...≈#
................##
.8.....8.....8.##
...............≈#
...#########...##
...#h.2..3.#...§#


You could see 3 meliai.

Vanquished Creatures
  Erolcha (D:9)
  2 black mambas (Lair:1)
  A cane toad (Lair:2)
  A torpor snail (Lair:1)
  A komodo dragon (Lair:2)
  A queen bee (Lair:1)
  A troll (D:9)
  A wind drake (Lair:2)
  A hornet (D:9)
  5 blink frogs (Lair:2)
  2 wyverns
  A wraith (D:9)
  Grum (Lair:1)
  12 yaks
  4 water moccasins
  3 orc warriors
  3 sky beasts
  An ice beast (D:8)
  9 wolves
  2 centaurs (D:7)
  4 phantoms
  2 kobold brigands (D:9)
  A gnoll sergeant (D:9)
  A scorpion (D:5)
  3 bullfrogs
  19 killer bees
  3 electric eels (D:9)
  2 howler monkeys
  7 orc priests
  2 gnoll boudas
  3 jellies
  4 hounds
  2 sleepcaps (D:5)
  6 iguanas
  5 orc wizards
  16 gnolls
  7 adders
  2 shadow imps
  3 white imps
  A worm (D:3)
  2 dart slugs
  19 orcs
  4 bats
  3 endoplasms
  4 giant cockroaches
  9 hobgoblins
  10 jackals
  5 kobolds
  A quokka (D:4)
  5 ball pythons
  2 frilled lizards (D:1)
  6 goblins
  6 rats
222 creatures vanquished.

Vanquished Creatures (collateral kills)
  5 killer bees (Lair:1)
5 creatures vanquished.

Grand Total: 227 creatures vanquished

Notes
Turn   | Place    | Note
-------+----------+-------------------------------------------
     0 | D:1      | hito the Minotaur Fighter began the quest for the Orb.
     0 | D:1      | Reached XP level 1. HP: 19/19 MP: 0/0
    51 | D:1      | Found a faded altar of an unknown god.
    99 | D:1      | Reached skill level 3 in Axes
    99 | D:1      | Reached XP level 2. HP: 27/27 MP: 1/1
   739 | D:2      | Reached XP level 3. HP: 28/34 MP: 2/2
  1171 | D:2      | Reached skill level 5 in Fighting
  1171 | D:2      | Reached skill level 4 in Axes
  1171 | D:2      | Reached XP level 4. HP: 29/42 MP: 3/3
  1722 | D:3      | Reached XP level 5. HP: 39/48 MP: 4/4
  1851 | D:3      | Reached skill level 5 in Axes
  2514 | D:4      | Reached skill level 6 in Axes
  2514 | D:4      | Reached XP level 6. HP: 47/57 MP: 5/5
  2821 | D:4      | You fall into a shaft and drop 3 floors!
  2832 | D:7      | Found Mucot's General Store.
  2833 | D:7      | Noticed a water moccasin
  2840 | D:7      | Killed a water moccasin
  2841 | D:7      | Reached skill level 7 in Axes
  2847 | D:7      | Bought a scroll of blinking for 75 gold pieces
  2871 | D:7      | Noticed a komodo dragon
  2952 | D:7      | Noticed a sky beast
  2966 | D:7      | Killed a sky beast
  2967 | D:7      | Reached skill level 8 in Axes
  2967 | D:7      | Reached XP level 7. HP: 22/63 MP: 6/6
  3200 | D:5      | Entered Level 5 of the Dungeon
  3262 | D:5      | Found an opulent altar of Gozag.
  3264 | D:5      | Found a blossoming altar of Fedhas.
  3282 | D:5      | Reached skill level 9 in Axes
  3402 | D:5      | Found a staircase to the Ecumenical Temple.
  3421 | Temple   | Entered the Ecumenical Temple
  3466 | Temple   | Became a worshipper of Uskayaw the Reveller
  3496 | D:5      | Reached * piety under Uskayaw
  3530 | D:5      | Reached ** piety under Uskayaw
  3536 | D:5      | Reached *** piety under Uskayaw
  3537 | D:5      | Reached **** piety under Uskayaw
  3538 | D:5      | Reached skill level 10 in Axes
  3647 | D:5      | Reached skill level 1 in Invocations
  3667 | D:5      | Reached XP level 8. HP: 65/70 MP: 6/8
  4216 | D:4      | Found a shimmering altar of Xom.
  4435 | D:6      | Reached ***** piety under Uskayaw
  4665 | D:6      | Reached skill level 11 in Axes
  5272 | D:7      | Noticed Valagong's ghost (novice MiFi)
  5500 | D:7      | Found a runed translucent gate.
  5500 | D:7      | Found a runed translucent gate.
  5508 | D:7      | Found a runed translucent gate.
  5546 | D:7      | Reached skill level 12 in Axes
  5701 | D:7      | Bought a condenser vane for 400 gold pieces
  5884 | D:7      | Reached skill level 1 in Evocations
  6106 | D:8      | Reached XP level 9. HP: 78/78 MP: 10/10
  6131 | D:8      | Reached skill level 13 in Axes
  6699 | D:8      | Found the +7 Kryia's mail coat {PotionHeal*2 rC+}
  6949 | D:9      | Noticed Erolcha
  6966 | D:9      | Killed Erolcha
  6967 | D:9      | Reached skill level 14 in Axes
  6967 | D:9      | Reached XP level 10. HP: 55/88 MP: 11/11
  7487 | D:9      | Reached skill level 15 in Axes
  7932 | D:9      | Found a staircase to the Lair.
  7953 | D:9      | Reached skill level 16 in Axes
  8409 | Lair:1   | Entered Level 1 of the Lair of Beasts
  8499 | Lair:1   | Noticed a black mamba
  8513 | Lair:1   | Killed a black mamba
  8674 | Lair:1   | Noticed a black mamba
  8677 | Lair:1   | Noticed Grum
  8680 | Lair:1   | Killed a black mamba
  8681 | Lair:1   | Reached skill level 5 in Evocations
  8685 | Lair:1   | Killed Grum
  8689 | Lair:1   | Reached XP level 11. HP: 59/97 MP: 8/13
  8701 | Lair:1   | Reached ****** piety under Uskayaw
  9348 | Lair:1   | Reached skill level 5 in Invocations
  9754 | Lair:2   | Reached skill level 10 in Fighting
  9768 | Lair:2   | Reached skill level 1 in Dodging
  9990 | Lair:2   | Found a staircase to the Shoals.
 10140 | Lair:2   | Found a gate leading to a gauntlet.
 10151 | Gauntlet | Entered a Gauntlet
 10151 | Gauntlet | Found a large runed translucent door.
 10151 | Gauntlet | Found a large runed translucent door.
 10151 | Gauntlet | Found a large runed translucent door.
 10151 | Gauntlet | Found a large runed translucent door.
 10151 | Gauntlet | Found a large runed translucent door.
 10151 | Gauntlet | Found a large runed translucent door.
 10151 | Gauntlet | Found a runed translucent door.
 10151 | Gauntlet | Found a transporter.
 10151 | Gauntlet | Found a runed translucent door.
 10151 | Gauntlet | Found a large runed translucent door.
 10151 | Gauntlet | Found a large runed translucent door.
 10151 | Gauntlet | Found a large runed translucent door.
 10151 | Gauntlet | Found a large runed translucent door.
 10151 | Gauntlet | Found a large runed translucent door.
 10151 | Gauntlet | Found a large runed translucent door.
 10152 | Gauntlet | Found a large runed translucent door.
 10152 | Gauntlet | Found a large runed translucent door.
 10152 | Gauntlet | Found a large runed translucent door.
 10154 | Gauntlet | Found a transporter.
 10155 | Gauntlet | Found a runed translucent gate.
 10155 | Gauntlet | Found a runed translucent gate.
 10155 | Gauntlet | Found a runed translucent gate.
 10156 | Gauntlet | Found a transporter.
 10157 | Gauntlet | Found a transporter.
 10168 | Gauntlet | Found a large runed translucent door.
 10174 | Gauntlet | Found a transporter.
 10180 | Gauntlet | Found a transporter.
 10183 | Gauntlet | Found a transporter.
 10184 | Gauntlet | Found a transporter.
 10187 | Gauntlet | Noticed a wolf spider
 10190 | Gauntlet | Noticed an entropy weaver
 10262 | Gauntlet | HP: 2/99 [meliai/+0 war axe (5)]
 10262 | Gauntlet | Slain by a meliai

Illustrated notes

Levels and vault maps discovered:
D:1:      scummos_arrival_checkerplants, layout_basic,
          ebering_ecumenical_altar_abandoned, corexii_item_surrounded_by_moat
D:2:      layout_basic, serial_rivers, chequers_serial_rivers_small_b,
          chequers_serial_rivers_micro_c, chequers_serial_rivers_micro_c,
          chequers_serial_rivers_room_a
D:3:      layout_loops_ring, dk_noncrumbling_4, serial_bayou_crossing
D:4:      layout_rooms, nicolae_overflow_crystal_walls
D:5:      layout_basic, chequers_temple_overflow_statue_of_worship,
          minmay_temple_entry_waves
D:6:      layout_gridville
D:7:      layout_cave_pods, gammafunk_ghost_split, serial_shops,
          nicolae_shop_competitors_out_of_business
D:8:      layout_basic
D:9:      minmay_distorted_concentric_squares, layout_basic, erik_lair_island,
          uniq_erolcha
Temple:   nicolae_temple_bog_church
Lair:1:   layout_loops_ring, special_room [special_room_bee], uniq_grum
Lair:2:   layout_long_grid, minmay_shoals_entry_beasts, gauntlet_entry_generic,
          minivault_27
Gauntlet: minmay_gauntlet_mixed_oops_all_seconds
          [minmay_gauntlet_arena_77_two_lines,
          minmay_gauntlet_arena_make_your_own_arena,
          minmay_gauntlet_arena_77_p_blocks,
          gammafunk_gauntlet_arena_split_diamond,
          minmay_gauntlet_arena_77_chump_sandwich,
          gammafunk_gauntlet_arena_arrow_garden,
          dreamdust_gauntlet_exit_labyrinth]

Skill      XL: |  1  2  3  4  5  6  7  8  9 10 11 |
---------------+----------------------------------+-----
Fighting       | 4 5 6 8 9 10 | 10.0
Axes           | 3 4 6 8 10 12 14 16 | 16.0
Invocations    | 1 3 4 6 |  6.0
Evocations     | 1 4 5 6 |  6.2
Armour         | 4 |  4.3
Dodging        | 1 |  1.9
Shields        | |  3.6

Action                     |  1- 3 |  4- 6 |  7- 9 | 10-12 || total
---------------------------+-------+-------+-------+-------++-------
  Melee: War axe           |    71 |   120 |   178 |       ||   369
         Headbutt          |     7 |    21 |    40 |    42 ||   110
         Battleaxe         |       |       |    18 |   214 ||   232
 Invoke: Stomp             |       |       |     2 |       ||     2
         Line Pass         |       |       |     1 |     1 ||     2
         Grand Finale      |       |       |       |     1 ||     1
  Evoke: Condenser vane    |       |       |     2 |     1 ||     3
         Box of beasts     |       |       |       |     2 ||     2
         Wand              |       |       |       |     2 ||     2
    Use: Scroll            |       |     6 |    10 |     4 ||    20
         Potion            |       |     1 |     1 |     4 ||     6
   Stab: Paralysed         |       |       |    16 |    21 ||    37
         Confused          |       |       |     2 |     1 ||     3
         Invisible         |       |       |       |     1 ||     1
         Distracted        |       |       |       |     1 ||     1
 Armour: Scale mail        |    45 |    14 |     9 |    93 ||   161
         Ring mail         |       |    38 |    48 |       ||    86
  Dodge: Dodged            |    37 |    46 |    90 |   111 ||   284
  Block: Buckler           |    21 |    16 |    24 |       ||    61
